 Dungeon Crawl Stone Soup version 0.16-a0-305-g9782ec1 (webtiles) character file.

8505 Afay the Conjurer (level 11, -3/59 HPs)
             Began as a Kobold Fire Elementalist on Aug 30, 2014.
             Was an Elder of Fedhas.
             Slain by a slime creature (4 damage)
             ... on Level 9 of the Dungeon.
             The game lasted 01:20:52 (15721 turns).

Afay the Conjurer (Kobold Fire Elementalist)       Turns: 15721, Time: 01:20:52

HP  -3/59        AC  5     Str  6      XL: 11   Next: 57%
MP   0/27        EV 21     Int 16      God: Fedhas [****..]
Gold 371         SH  0     Dex 21      Spells:  2 memorised, 20 levels left

rFire  + . .     SeeInvis .     n - +6 falchion of Innocence {drain, Dex+3}
rCold  x . .     Clarity  .     a - +0 robe
rNeg   . . .     rCorr    .     (no shield)
rPois  .         rRot     .     r - +0 helmet
rElec  .         Spirit   +     R - +0 cloak
SustAb .         Warding  .     (no gloves)
rMut   .         Stasis   .     e - +0 pair of boots
Gourm  .                        s - amulet of guardian spirit
MR     .....                    z - ring of fire
                                g - ring of flight

@: not resistant to hostile enchantments, fairly stealthy
A: carnivore 3
a: Evolution, Sunlight, Growth, Reproduction, Renounce Religion, Evoke Flight


You were on level 9 of the Dungeon.
You worshipped Fedhas.
Fedhas was greatly pleased with you.
You were hungry.

You visited 1 branch of the dungeon, and saw 10 of its levels.
You also visited: Ossuary.

You collected 371 gold pieces.

Inventory:

Hand weapons
 n - the +6 falchion of Innocence (weapon) {drain, Dex+3}
   (You found it on level 6 of the Dungeon)

   A truly terrible weapon, it drains the life of those it strikes.
   It affects your dexterity (+3).
Armour
 a - a +0 robe (worn)
 e - a +0 pair of boots (worn)
 r - a +0 helmet (worn)
 R - a +0 cloak (worn)
Magical devices
 p - a wand of lightning (5) {unknown}
 u - a wand of polymorph (5) {unknown}
 v - a wand of hasting (3)
 w - a wand of digging (14)
 D - a wand of draining (5) {unknown}
 K - a wand of magic darts (0)
 M - a wand of enslavement (8) {unknown}
Comestibles
 c - 6 meat rations
 J - 2 fruits
Scrolls
 d - 3 scrolls of immolation {unknown}
 h - 3 scrolls of amnesia {unknown}
 k - 5 scrolls of teleportation
 m - 3 scrolls of fog {unknown}
 o - 7 scrolls of remove curse
 t - 4 scrolls of magic mapping {unknown}
 x - a scroll of recharging {unknown}
 y - 4 scrolls of fear {unknown}
 A - 3 scrolls of enchant armour {unknown}
 E - 3 scrolls of enchant weapon {unknown}
 F - 2 scrolls of random uselessness {unknown}
 G - 2 scrolls of silence {unknown}
 H - a scroll of blinking {unknown}
 I - a scroll of noise {unknown}
 S - a scroll of summoning {unknown}
Jewellery
 g - a ring of flight (left hand)
 s - an amulet of guardian spirit (around neck)
 z - a ring of fire (right hand)
 Q - an uncursed ring of ice
Potions
 f - 2 potions of decay {unknown}
 j - 5 potions of curing
 l - a potion of mutation
 q - 3 potions of restore abilities
 B - a potion of resistance
 C - 3 potions of heal wounds
 O - a potion of brilliance {unknown}
 P - a potion of magic
Books
 b - a book of Flames

   Spells                             Type                      Level
   *Flame Tongue                      Conjuration/Fire             1
   Throw Flame                        Conjuration/Fire             2
   Conjure Flame                      Conjuration/Fire             3
   Inner Flame                        Hexes/Fire                   3
   Sticky Flame                       Conjuration/Fire             4
   *Fireball                          Conjuration/Fire             5
 i - a book of Burglary

   Spells                             Type                      Level
   Swiftness                          Charms/Air                   2
   Passwall                           Transmutation/Earth          3
   Passage of Golubria                Translocation                4
   Lee's Rapid Deconstruction         Earth                        5
   Invisibility                       Hexes                        6
   Darkness                           Hexes                        7
 N - a book of Maledictions

   Spells                             Type                      Level
   Corona                             Hexes                        1
   Sure Blade                         Hexes/Charms                 2
   Ensorcelled Hibernation            Hexes/Ice                    2
   Confuse                            Hexes                        3
   Dazzling Spray                     Conjuration/Hexes            3
   Enslavement                        Hexes                        4
 T - a book of Hinderance

   Spells                             Type                      Level
   Confusing Touch                    Hexes                        2
   Confuse                            Hexes                        3
   Petrify                            Transmutation/Earth          4
   Leda's Liquefaction                Hexes/Earth                  4
   Metabolic Englaciation             Hexes/Ice                    5
   Summon Mana Viper                  Hexes/Summoning              5
Miscellaneous
 L - a legendary deck of changes


   Skills:
 + Level 2.9 Fighting
 + Level 1.3 Long Blades
 + Level 6.6 Dodging
 - Level 3.2 Stealth
 + Level 8.1 Spellcasting
 * Level 9.9 Conjurations
 + Level 8.3 Fire Magic
 + Level 2.3 Invocations
 + Level 2.7 Evocations


You had 20 spell levels left.
You knew the following spells:

 Your Spells              Type           Power        Failure   Level  Hunger
a - Flame Tongue          Conj/Fire      #####        1%          1    None
b - Fireball              Conj/Fire      ######....   10%         5    #####..


Dungeon Overview and Level Annotations

Branches:
Dungeon (10/15)            Temple (0/1) D:7            Lair (0/8) D:10
    Orc: D:9-12

Altars:
Ashenzari
Fedhas
Gozag

Annotations:
D:10 Fannar, Psyche


Innate Abilities, Weirdness & Mutations

You are small and have problems with some larger weapons.
You are carnivorous and can eat meat at any time.


Message History

You climb upwards.
There is a stone staircase leading down here.
Casting: Flame Tongue
Confirm with . or Enter, or press ? or * to list all spells.
Aiming: Flame Tongue
Press: ? - help, Shift-Dir - straight line, f - slime creature
Aim: a slime creature (almost dead)
You feel a surge of power!
The flame tongue hits the slime creature.
You kill the slime creature!
The slime creature hits you!
* * * LOW HITPOINT WARNING * * *
You barely miss the slime creature. The slime creature hits you!!
* * * LOW HITPOINT WARNING * * *
You hit the slime creature but do no damage.
You drain the slime creature!
The slime creature is lightly wounded.
The slime creature hits you.
You die...
Fedhas appreciates your contribution to the ecosystem.

## ############# .#
#.......J@..# .#
#...........# .#
#...........# .###
#...........# .'.#
#...........#
.#.#####...........#
.#.....#...........#
.#####.'...........#
.# ###...........#


You could see a slime creature.

Vanquished Creatures
  A hill giant (D:10)
  An ugly thing (D:8)
  The ghost of lennard the Slasher, an experienced CeBe of Trog (Ossuary)
  A cyclops (D:9)
  Prince Ribbit (D:5)
  A slime creature (D:9)
  A spriggan (D:8)
  Eustachio (D:5)
  A hippogriff (D:8)
  4 yaks (D:9)
  A warg (D:10)
  A deep elf mage (D:7)
  4 orc warriors
  2 slaves (D:5)
  2 ice beasts
  A phantom (D:7)
  3 sky beasts
  3 ogres
  A centaur (D:7)
  A big kobold (D:9)
  Duvessa (D:7)
  6 giant frogs
  7 scorpions
  A cyclops skeleton (D:9)
  7 killer bees
  4 wights (D:9)
  A goliath beetle (D:7)
  6 orc priests
  3 jellies
  A giant frog skeleton (D:7)
  8 worker ants
  A human skeleton (Ossuary)
  An iguana (D:9)
  A gnoll shaman (D:6)
  Natasha (thrice) (D:3)
  3 orc wizards
  6 hounds
  Jessica (D:2)
  2 big kobold skeletons
  An ogre skeleton (D:6)
  3 mummies
  13 gnolls
  11 adders
  A steam dragon skeleton (D:9)
  A giant mite (D:5)
  A shadow imp (D:5)
  2 worms
  An adder skeleton (D:6)
  A giant gecko (D:3)
  An ooze (D:6)
  29 orcs
  13 bats
  3 giant cockroaches
  16 goblins
  9 hobgoblins
  10 kobolds
  2 quokkas
  A ball python (D:3)
  A giant gecko skeleton (D:7)
  4 giant newts
  2 giant newt skeletons
  2 gnoll skeletons (Ossuary)
  2 goblin skeletons (Ossuary)
  4 hobgoblin skeletons
  9 jackals
  A kobold zombie (Ossuary)
  2 orc skeletons
  7 rats
248 creatures vanquished.

Vanquished Creatures (collateral kills)
  Pikel (D:5)
  A slime creature (D:10)
  A yak (D:9)
  A hill giant skeleton (D:8)
  Dowan (D:7)
  An ogre (D:7)
  2 phantoms
  A centaur (D:7)
  A jelly (D:7)
  4 scorpions (Ossuary)
  A goliath beetle (D:7)
  6 crimson imps
  A quasit (D:8)
  A human skeleton (Ossuary)
  An iguana (D:9)
  3 centaur skeletons (Ossuary)
  2 orc wizards (D:7)
  A worker ant (D:9)
  A big kobold skeleton (Ossuary)
  A mummy (Ossuary)
  5 gnolls
  6 orcs
  A bat (D:8)
  2 hobgoblins
  4 kobolds
  4 orc skeletons
  A rat skeleton (D:7)
55 creatures vanquished.

Vanquished Creatures (others)
  12 wandering mushrooms
  2 scorpion zombies (Ossuary)
  A giant spore (D:10)
  A goblin (D:5)
  114 toadstools
130 creatures vanquished.

Grand Total: 433 creatures vanquished

Notes
Turn   | Place    | Note
--------------------------------------------------------------
     0 | D:1      | Afay, the Kobold Fire Elementalist, began the quest for the Orb.
     0 | D:1      | Reached XP level 1. HP: 10/10 MP: 3/3
    81 | D:1      | Reached skill level 1 in Conjurations
   351 | D:1      | Reached XP level 2. HP: 15/15 MP: 2/4
   862 | D:2      | Noticed Jessica
   943 | D:2      | Found a blossoming altar of Fedhas.
   949 | D:2      | Became a worshipper of Fedhas Madash
   982 | D:2      | Reached XP level 3. HP: 19/19 MP: 0/6
  1059 | D:2      | Killed Jessica
  1085 | D:2      | Reached XP level 4. HP: 24/24 MP: 0/8
  1192 | D:2      | Found an opulent altar of Gozag.
  1888 | D:3      | Reached XP level 5. HP: 28/28 MP: 5/9
  1895 | D:3      | Learned a level 5 spell: Fireball
  1921 | D:3      | Noticed Natasha
  1928 | D:3      | Killed Natasha
  1928 | D:3      | Reached skill level 4 in Fire Magic
  2237 | D:3      | Acquired Fedhas' first power
  2390 | D:3      | Noticed Natasha
  2430 | D:3      | Killed Natasha
  2756 | D:3      | Noticed Natasha
  2774 | D:3      | Killed Natasha
  2774 | D:3      | Reached XP level 6. HP: 26/32 MP: 7/11
  3212 | D:4      | Reached skill level 1 in Evocations
  3757 | D:4      | Reached XP level 7. HP: 15/36 MP: 1/15
  4454 | D:5      | Entered Level 5 of the Dungeon
  4662 | D:5      | Acquired Fedhas' second power
  4747 | D:5      | Reached skill level 5 in Fire Magic
  5309 | D:5      | Reached XP level 8. HP: 33/41 MP: 7/18
  5564 | D:5      | Noticed Pikel
  5582 | D:6      | Found a shattered altar of Ashenzari.
  5786 | D:7      | Found a sand-covered staircase.
  5792 | Ossuary  | Entered an ossuary
  6117 | Ossuary  | Acquired Fedhas' third power
  6178 | Ossuary  | Noticed lennard's ghost (experienced CeBe)
  6223 | Ossuary  | Killed lennard's ghost
  6223 | Ossuary  | Reached skill level 5 in Conjurations
  6388 | Ossuary  | Reached skill level 5 in Spellcasting
  6461 | Ossuary  | Reached XP level 9. HP: 40/46 MP: 17/21
  6478 | Ossuary  | Reached skill level 6 in Fire Magic
  6973 | D:7      | Noticed Duvessa
  6976 | D:7      | Noticed Dowan
  6987 | D:7      | Killed Duvessa
  7092 | D:7      | Killed Dowan
  7256 | D:7      | Reached skill level 1 in Fighting
  7648 | D:7      | Reached skill level 1 in Invocations
  8246 | D:7      | Reached skill level 7 in Conjurations
  8315 | D:7      | Reached XP level 10. HP: 52/52 MP: 0/24
  8758 | D:7      | Found a staircase to the Ecumenical Temple.
  9552 | D:8      | Reached skill level 5 in Dodging
  9562 | D:8      | HP: 2/52 [poisoned by a killer bee]
  9563 | D:8      | Reached skill level 8 in Conjurations
 10384 | D:8      | Noticed a purple ugly thing
 10400 | D:8      | Killed a purple ugly thing
 10642 | D:8      | Acquired Fedhas' fourth power
 11460 | D:6      | Got a faintly glowing falchion
 11464 | D:6      | Identified the +6 falchion of Innocence {drain, Dex+3} (You found it on level 6 of the Dungeon)
 12307 | D:5      | Noticed Prince Ribbit
 12312 | D:5      | Killed Pikel
 12331 | D:5      | Killed Prince Ribbit
 12505 | D:5      | Noticed Eustachio
 12574 | D:5      | Killed Eustachio
 13111 | D:5      | Reached XP level 11. HP: 57/57 MP: 27/27
 13678 | D:9      | Reached skill level 9 in Conjurations
 13937 | D:9      | Noticed a cyclops
 13966 | D:9      | Killed a cyclops
 14467 | D:9      | Reached skill level 1 in Long Blades
 14932 | D:10     | Entered Level 10 of the Dungeon
 14957 | D:10     | Noticed Psyche
 15156 | D:10     | Found a staircase to the Lair.
 15165 | D:10     | Noticed a hill giant
 15169 | D:10     | Killed a hill giant
 15326 | D:10     | Noticed Fannar
 15442 | D:10     | HP: 2/59 [Fannar/Ozocubu's Refrigeration (22)]
 15720 | D:9      | HP: 1/59 [slime creature (16)]
 15721 | D:9      | Slain by a slime creature

Action                   |  1- 3 |  4- 6 |  7- 9 | 10-12 || total
-------------------------+-------+-------+-------+-------++-------
Melee: Unarmed           |     2 |       |       |     3 ||     5
       Dagger            |       |       |     3 |       ||     3
       Falchion          |       |       |       |    91 ||    91
       Short sword       |       |       |       |     4 ||     4
 Cast: Flame Tongue      |    28 |   145 |   231 |    55 ||   459
       Fireball          |       |       |    21 |   100 ||   121
Invok: Evolution         |       |       |     4 |     8 ||    12
Evoke: Wand              |       |       |     2 |       ||     2
  Use: Potion            |       |     1 |       |     2 ||     3
       Scroll            |       |       |     1 |    11 ||    12
 Stab: Confused          |       |       |       |     2 ||     2
       Sleeping          |       |       |       |     2 ||     2
  Eat: Chunk             |     9 |     7 |    20 |    39 ||    75
       Royal jelly       |       |       |       |     1 ||     1
       Pizza             |       |       |       |     1 ||     1
       Beef jerky        |       |       |       |     1 ||     1
